 Dungeon Crawl Stone Soup version 0.29.1-1-gd02db6906a (webtiles) character file.

Game seed: 1348224625561298708

2841 groovy9 the Thaumaturge (level 9, -6/53 HPs)
             Began as a Deep Elf Conjurer on Sept 25, 2022.
             Shot with an arrow by a centaur warrior (21 damage)
             ... on level 8 of the Dungeon.
             The game lasted 00:30:29 (8483 turns).

groovy9 the Thaumaturge (Deep Elf Conjurer)         Turns: 8483, Time: 00:30:30

Health: -6/53      AC: 11    Str:  6    XL:     9   Next: 46%
Magic:  25/33      EV: 11    Int: 26    God:
Gold:   1411       SH:  0    Dex: 13    Spells: 13/26 levels left

rFire   . . .      SeeInvis .   a - staff of conjuration
rCold   . . .      Faith    .   (no shield)
rNeg    . . .      Spirit   .   x - +4 leather armour "Aheqienu" {rPois Slay+3}
rPois   +          Reflect  .   m - +1 helmet
rElec   .          Harm     .   B - +0 cloak
rCorr   .          Rampage  .   (no gloves)
Will    .....                   t - +0 pair of boots
Stlth   ++........              q - amulet of magic regeneration
HPRegen 0.17/turn               s - ring of wizardry
MPRegen 0.63/turn               A - ring of magical power

@: no status effects
A: no striking features
a: no special abilities


You were on level 8 of the Dungeon.
You visited 2 branches of the dungeon, and saw 9 of its levels.

You collected 1411 gold pieces.

Inventory:

Hand Weapons
 b - the +5 mace of the Unliving {pain, rPois rF+ rN+}
   (You took it off an orc on level 5 of the Dungeon)

   In the hands of one skilled in necromantic magic, it inflicts extra damage on
   living creatures.
   rF:        It protects you from fire.
   rPois:     It protects you from poison.
   rN:        It protects you from negative energy.
 i - a +4 dagger of venom
Missiles
 d - 3 throwing nets
Armour
 m - a +1 helmet (worn)
 t - a +0 pair of boots (worn)
 u - a +0 kite shield
 x - the +4 leather armour "Aheqienu" (worn) {rPois Slay+3}
   (You found it on level 6 of the Dungeon)

   Slay:      It affects your accuracy & damage with ranged weapons and melee
   (+3).
   rPois:     It protects you from poison.
 B - a +0 cloak (worn)
Magical Staves
 a - a staff of conjuration (weapon)
Jewellery
 q - an amulet of magic regeneration (around neck)
 s - a ring of wizardry (left hand)
 w - a ring of protection from cold
 A - a ring of magical power (right hand)
Wands
 g - a wand of digging (9)
 k - a wand of quicksilver (8)
 y - a wand of charming (8)
Scrolls
 e - 3 scrolls of amnesia
 f - a scroll of teleportation
 h - 2 scrolls of enchant weapon
 j - 3 scrolls of identify
 p - 2 scrolls of brand weapon
 v - a scroll of noise
Potions
 c - a potion of lignification
 l - 2 potions of mutation
 n - 3 potions of magic
 o - 2 potions of flight
 r - 3 potions of might
 z - a potion of curing {unknown}


   Skills:
 + Level 4.9 Fighting
 - Level 2.4 Dodging
 - Level 2.4 Stealth
 - Level 9.2 Spellcasting
 - Level 8.5 Conjurations
 - Level 5.2 Translocations
 - Level 5.0 Earth Magic


You had 13 spell levels left.
You knew the following spells:

 Your Spells              Type           Power      Damage    Failure   Level
a - Magic Dart            Conj           100%       1d8       1%          1
b - Searing Ray           Conj           100%       2d8       1%          2
c - Stone Arrow           Conj/Erth      100%       3d13      1%          3
d - Iskenderun's Mystic   Conj/Tloc      64%        2d13      1%          4
e - Dazzling Flash        Conj/Hex       100%       N/A       1%          3

Your spell library contained the following spells:

 Spells                   Type           Power      Damage    Failure   Level
 Sting                    Tmut/Pois      44%        1d5       3%          1
 Portal Projectile        Hex/Tloc       50%        N/A       3%          3
 Poisonous Vapours        Pois/Air       22%        N/A       4%          2
 Sublimation of Blood     Necr           11%        N/A       4%          2
 Fulminant Prism          Conj/Hex       25%        3d14      6%          4
 Call Canine Familiar     Summ           11%        N/A       10%         3
 Leda's Liquefaction      Hex/Erth       12%        N/A       12%         4
 Petrify                  Tmut/Erth      24%        N/A       12%         4
 Irradiate                Conj/Tmut      25%        3d20      16%         5
 Iron Shot                Conj/Erth      31%        9d6       28%         6
 Conjure Ball Lightning   Conj/Air       25%        3x3d7     61%         6
 Discord                  Hex            5%         N/A       100%        8
 Disjunction              Tloc           19%        N/A       100%        8


Dungeon Overview and Level Annotations

Branches:
Dungeon (8/15)             Temple (1/1) D:7
   Lair: D:8-11

Altars:
Ashenzari
Cheibriados
Dithmenos
Elyvilon
Fedhas
Gozag
Hepliaklqana
Kikubaaqudgha
Makhleb
Nemelex Xobeh
Okawaru
Qazlal
Sif Muna
Trog
Uskayaw
Yredelemnul
Zin
The Shining One

Shops:
D:5 (   D:7 *

Annotations:
D:6 3 runed translucent doors, Esekla's ghost, weakling BaDe


Message History

Casting: Searing Ray (safe; 1% risk of failure)
Confirm with . or Enter, or press ? or * to list all spells.
Restarting spell: Searing Ray (safe; 1% risk of failure)
Press: ? - help, Shift-Dir - straight line, f - scorpion
Aim: a scorpion (83% to hit)
You feel a surge of power!
The searing ray hits the scorpion.
The scorpion is moderately wounded. (Press . to maintain the ray.)
The searing ray hits the scorpion!
The scorpion is severely wounded.
The scorpion stings you but does no damage.
Casting: Searing Ray (safe; 1% risk of failure)
Confirm with . or Enter, or press ? or * to list all spells.
You feel a surge of power!
You erupt in a blast of force!
The mystic blast hits the scorpion!
You kill the scorpion!
You hear a shout!
A scorpion comes into view.
Casting: Iskenderun's Mystic Blast (dangerous; 1% risk of failure)
Confirm with . or Enter, or press ? or * to list all spells.
Aiming: Searing Ray (safe; 1% risk of failure)
Press: ? - help, Shift-Dir - straight line, f - scorpion
Aim: a scorpion (83% to hit)
You feel a surge of power!
The searing ray hits the scorpion!
The scorpion is heavily wounded. (Press . to maintain the ray.)
The searing ray hits the scorpion!
The scorpion is almost dead.
A centaur warrior comes into view. It is wielding a +2 dagger of flaming.
The searing ray hits the scorpion!
You kill the scorpion!
The centaur warrior unwields a +2 dagger of flaming.
It stops flaming.
The centaur warrior wields a +0 shortbow.
The centaur warrior shoots an arrow.
The arrow hits you!
You hear a shout!
The centaur warrior shoots an arrow.
The arrow hits you!!
* * * LOW HITPOINT WARNING * * *
The centaur warrior shoots an arrow.
The arrow hits you!!
You die...

.# .### #..#. ....
....... ... ... P..
..###.. ..P. #.##..
..... #.##.##.P...
#@##.#...... ##
#......cP.P. .#
#.....###.##.... ..
#.###. #.# P .#
##.###. #.### .
....... #...##
#.###.......###.#..##
#.#†.............(..#
#....##.........###.#


You could see a centaur warrior.

Vanquished Creatures
  Pikel (D:4)
  A hornet (D:8)
  A steam dragon (D:8)
  An acid dragon (D:7)
  A water moccasin (D:5)
  An ice beast (D:8)
  An ogre (D:6)
  A centaur (D:8)
  2 lemures (D:4)
  A phantom (D:4)
  Blork the orc (D:6)
  8 scorpions
  A wight (D:8)
  5 killer bees (D:8)
  6 hounds
  4 orc priests
  Terence (D:2)
  2 iguanas
  5 orc wizards
  Robin (D:2)
  5 adders
  2 gnolls
  A shadow imp (D:5)
  2 white imps
  2 ufetubi (D:5)
  3 dart slugs
  18 orcs
  5 bats
  6 endoplasms
  5 giant cockroaches
  11 goblins
  11 hobgoblins
  9 jackals
  2 quokkas
  9 ball pythons
  A frilled lizard (D:2)
  6 kobolds
  5 rats
148 creatures vanquished.

Vanquished Creatures (others)
  13 fungi (D:8)
  15 plants
28 creatures vanquished.

Grand Total: 176 creatures vanquished

Notes
Turn   | Place    | Note
-------+----------+-------------------------------------------
     0 | D:1      | groovy9 the Deep Elf Conjurer began the quest for the Orb.
     0 | D:1      | Reached XP level 1. HP: 10/10 MP: 6/6
   264 | D:1      | Reached XP level 2. HP: 15/15 MP: 5/8
   762 | D:1      | Found a faded altar of an unknown god.
   766 | D:1      | Learned a level 2 spell: Searing Ray
   783 | D:1      | Reached skill level 4 in Spellcasting
   783 | D:1      | Reached skill level 5 in Conjurations
   783 | D:1      | Reached XP level 3. HP: 19/19 MP: 3/10
  1320 | D:2      | Noticed Robin
  1342 | D:2      | Killed Robin
  1821 | D:2      | Got the Teachings on Dusty Contamination
  2082 | D:2      | Noticed Terence
  2093 | D:2      | Killed Terence
  2094 | D:2      | Reached XP level 4. HP: 10/24 MP: 3/12
  2272 | D:2      | Learned a level 3 spell: Stone Arrow
  2510 | D:3      | Identified a scroll of acquirement
  2510 | D:3      | Acquired a staff of conjuration
  2518 | D:3      | Reached skill level 5 in Spellcasting
  2575 | D:3      | Found a sparkling altar of Nemelex Xobeh.
  2785 | D:3      | Reached skill level 1 in Earth Magic
  2826 | D:3      | Noticed an ice beast
  3127 | D:4      | Reached XP level 5. HP: 28/28 MP: 12/14
  3331 | D:4      | Noticed a phantom
  3576 | D:4      | Reached XP level 6. HP: 32/32 MP: 8/16
  3623 | D:4      | Reached skill level 6 in Spellcasting
  3810 | D:4      | Learned a level 4 spell: Iskenderun's Mystic Blast
  4142 | D:4      | Noticed Pikel
  4155 | D:4      | Killed Pikel
  4156 | D:4      | Reached skill level 7 in Spellcasting
  4156 | D:4      | Reached XP level 7. HP: 20/36 MP: 2/20
  4393 | D:4      | Learned a level 3 spell: Dazzling Flash
  4424 | D:5      | Entered Level 5 of the Dungeon
  4432 | D:5      | HP: 1/36 [orc priest/divine providence (12)]
  4449 | D:5      | Found Nugiujiu's Antique Weapon Shop.
  4749 | D:5      | Reached XP level 8. HP: 41/41 MP: 17/21
  4844 | D:5      | Acquired 921 gold pieces
  5221 | D:5      | Identified the +5 mace of the Unliving {pain, rPois rF+
                  | rN+}
  5477 | D:5      | Reached skill level 8 in Spellcasting
  5477 | D:5      | Reached skill level 5 in Earth Magic
  5994 | D:6      | Found a runed translucent gate.
  5995 | D:6      | Found a runed translucent gate.
  5996 | D:6      | Found a runed translucent gate.
  6009 | D:6      | Noticed Esekla's ghost (weakling BaDe)
  6357 | D:6      | Identified the +4 leather armour "Aheqienu" {rPois Slay+3}
  6526 | D:6      | Noticed Blork the orc
  6541 | D:6      | Killed Blork the orc
  6630 | D:6      | Found a shimmering blue altar of Sif Muna.
  6728 | D:7      | Found a staircase to the Ecumenical Temple.
  6734 | Temple   | Entered the Ecumenical Temple
  6993 | D:7      | Reached skill level 9 in Spellcasting
  7076 | D:7      | Reached skill level 5 in Translocations
  7087 | D:7      | Found Kikhusum's Mayhem Merchandise.
  7612 | D:7      | Reached skill level 1 in Fighting
  7612 | D:7      | Reached XP level 9. HP: 47/47 MP: 20/24
  7969 | D:8      | Paralysed by a hornet for 1 turns
  8480 | D:8      | Noticed a centaur warrior
  8483 | D:8      | Shot with an arrow by a centaur warrior

Illustrated notes

Levels and vault maps discovered:
D:1:      heliophobic_arrival_glass_houses, layout_loops_cross,
          basic_ecumenical_altar, minmay_hedge_maze
D:2:      layout_loops_ring, chequers_avenue, uniq_robin, uniq_terence
D:3:      layout_loops_ring, mainiacjoe_overflow_catwalk
D:4:      layout_loops_corners, uniq_pikel
D:5:      layout_loops_ring, serial_shops, shop
D:6:      layout_basic, tgw_sif, ebering_ghost_rock_garden, sigmund_army
D:7:      layout_gridville, minmay_temple_entry_enclosed_plants, nrook_campfire,
          minmay_shop_mayhem
D:8:      layout_loops_corners, pdpol_wu_jian_five_deadly_venoms,
          gammafunk_temple_overflow_pools, grunt_lair_entry_orc_guard_hut,
          minmay_pinched_square
Temple:   minmay_temple_bridge_d

Skill      XL: |  1  2  3  4  5  6  7  8  9 |
---------------+----------------------------+-----
Spellcasting   | 4 5 7 9 |  9.2
Conjurations   | 5 6 7 8 |  8.5
Earth Magic    | 1 2 4 5 |  5.0
Translocations | 2 3 5 |  5.2
Fighting       | 1 4 |  4.9
Dodging        | |  2.4
Stealth        | |  2.4

Action                   |  1- 3 |  4- 6 |  7- 9 || total
-------------------------+-------+-------+-------++-------
Melee: Unarmed           |     1 |       |       ||     1
 Cast: Magic Dart        |    78 |    41 |    39 ||   158
       Searing Ray       |     7 |    26 |    41 ||    74
       Iskenderun's Myst |       |     3 |    13 ||    16
  Use: Scroll            |       |     7 |    11 ||    18
       Potion            |       |       |     4 ||     4
Armor: Robe              |       |     2 |       ||     2
       Leather armour    |       |       |    12 ||    12
Dodge: Dodged            |     8 |    10 |    26 ||    44
